AoeStats
← ogipochi_

Arena

510289471Analyzed
3v3 RM · 3d ago on Sep 30, 2026· 28m 8s· 6 players
Game mode
Random Map
Map size
Normal (6 player)
Population
200
Speed
Normal
Resources
Standard
Victory
Conquest
Starting age
Dark Age
Ending age
Imperial Age
RankedLock teamsTeams togetherTeam positionsShared explorationLock speedFull tech treeHidden civsTurbo modeCheats
Victory
Defeat
🇮🇹 Japanese · Italy
499
+24
🇧🇷 Gurjaras · Brazil
496
+24
🇺🇦 Italians · Ukraine
479
+24
🇯🇵 Khitans · Japan
781
-27
🇮🇱 Britons · Israel
658
-23
🇨🇳 Celts · China
610
-22
ogipochi_
9:06 Loom
11:17 Feudal Age
11:55 Double-Bit Axe
12:51 Wheelbarrow
12:02 Town Watch
11:59 Domestication
12:09 Gold Mining
12:11 Stone Mining
18:24 Castle Age
17:39 Forging
17:29 Scale Mail Armor
18:00 Arson
17:36 Man-at-Arms
19:13 Long Swordsman
20:24 Bow Saw
25:59 Iron Casting
25:51 Pastoralism
26:00 Gambesons
26:15 Squires
28:15 Chain Mail Armor
646107374
10:33 Feudal Age
19:23 Castle Age
17:25 Double-Bit Axe
17:42 Horse Collar
18:31 Stone Mining
18:42 Gold Mining
24:36 Bow Saw
Flanker2020
5:29 Loom
11:47 Feudal Age
12:51 Double-Bit Axe
12:57 Gold Mining
12:48 Horse Collar
17:37 Wheelbarrow
21:22 Castle Age
19:24 Stone Mining
19:57 Fletching
20:08 Padded Archer Armor
22:08 Crossbowman
22:48 Bodkin Arrow
23:08 Leather Archer Armor
23:21 Heavy Plow
25:09 Leather Archer Armor
25:23 Bow Saw
Deman501
9:12 Loom
12:12 Feudal Age
13:40 Horse Collar
13:51 Double-Bit Axe
14:48 Stone Mining
17:28 Man-at-Arms
19:54 Wheelbarrow
20:44 Gold Mining
23:33 Castle Age
24:59 Long Swordsman
30:42 Imperial Age
Carlo Conti
0:49 Loom
11:55 Feudal Age
12:25 Feudal Age
14:34 Wheelbarrow
20:21 Castle Age
18:38 Double-Bit Axe
19:22 Horse Collar
19:36 Gold Mining
20:46 Town Watch
23:17 Bow Saw
26:46 Crossbowman
Jean
0:32 Loom
15:10 Feudal Age
15:21 Man-at-Arms
17:35 Wheelbarrow
19:27 Castle Age
22:20 Town Watch
27:19 Horse Collar
Connection lost

Rejoining the realm…

Still unreachable

The connection could not be restored.

Session expired

The server has moved on; the page needs a fresh start.